 Dungeon Crawl Stone Soup version 0.29-a0-575-g0dc89cf053 (webtiles) character file.

Game seed: 3220052087792849280

434 xian the Cudgeller (level 7, -7/66 HPs)
             Began as a Gargoyle Fighter on June 12, 2022.
             Mangled by a two-headed ogre
             ... wielding a +0 giant club
              (11 damage)
             ... on level 4 of the Dungeon.
             The game lasted 00:07:43 (3033 turns).

xian the Cudgeller (Gargoyle Fighter)               Turns: 3033, Time: 00:07:44

Health: -7/66      AC: 30    Str: 22    XL:     7   Next: 0%
Magic:  7/7        EV:  2    Int:  8    God:
Gold:   131        SH:  4    Dex:  9    Spells: 6/6 levels left

rFire   + . .      SeeInvis .   f - +2 mace (protect)
rCold   . . .      Faith    .   c - +0 buckler
rNeg    + . .      Spirit   .   (body armour currently unavailable)
rPois   ∞          Reflect  .   (helmet currently unavailable)
rElec   .          Harm     .   (cloak currently unavailable)
rCorr   .          Rampage  .   (gloves currently unavailable)
Will    .....      NoTele   +   (boots currently unavailable)
Stlth   +.........              (no amulet)
HPRegen 0.21/turn               k - ring of protection from cold
MPRegen 0.10/turn               g - ring of fire

@: tree-form, under a protective aura
A: stationary, stasis, torment immunity, boosted hp, sickness immunity, AC +4,
negative energy resistance 1, (electricity resistance), torment resistance 1,
petrification resistance
a: no special abilities


You were on level 4 of the Dungeon.
You were a tree.
You visited 1 branch of the dungeon, and saw 4 of its levels.

You collected 131 gold pieces.

Inventory:

Hand Weapons
 f - a +2 mace of protection (weapon)
Armour
 c - a +0 buckler (worn)
 m - +1 fire dragon scales (melded)
Jewellery
 g - a ring of fire (right branch)
 k - a ring of protection from cold (left branch)
Scrolls
 a - a scroll of immolation
 i - 2 scrolls of fog
 n - 3 scrolls of enchant armour
 o - a scroll of identify
Potions
 d - a potion of curing
 e - 3 potions of attraction
 h - a potion of ambrosia {unknown}
 l - a potion of magic


   Skills:
 + Level 4.7 Fighting
 + Level 5.3 Maces & Flails
 + Level 4.2 Armour
 + Level 1.2 Dodging
 + Level 0.8 Stealth
 + Level 3.9 Shields


You had 6 spell levels left.
You didn't know any spells.
Your spell library was empty.

Dungeon Overview and Level Annotations

Branches:
Dungeon (4/15)
 Temple: D:4-7

Altars:

Annotations:
D:4 4 runed translucent doors


Innate Abilities, Weirdness & Mutations

You are a tree.
Your roots penetrate the ground, keeping you stationary.
You cannot be teleported.
You are immune to unholy pain and torment.
Your maximum health is greatly increased.
Your equipment is partially melded.
You are immune to sickness and miasma.
((Your stone body is resilient. (AC +4)))
You are immune to poison.
You resist negative energy. (rN+)
((You are resistant to electric shocks. (rElec)))
You are resistant to unholy torment.
You are immune to petrification.


Message History

The two-headed ogre hits you but does no damage.
The two-headed ogre hits you with a +0 great mace of protection!
* * * LOW HITPOINT WARNING * * *
The necrophage barely misses you.
As you read the scroll of fear, it crumbles to dust.
You assume a fearsome visage.
The two-headed ogre looks frightened!
The orc looks frightened!
The necrophage is unaffected.
You block the necrophage's attack.
You sock the necrophage!
The necrophage is heavily damaged.
The necrophage hits you but does no damage.
You barely miss the necrophage.
The necrophage is heavily damaged.
The necrophage barely misses you.
You hit the necrophage.
The necrophage is severely damaged.
The necrophage hits you but does no damage. x2
You sock the necrophage!
The necrophage is almost destroyed.
The necrophage hits you but does no damage.
You thump the necrophage!
You destroy the necrophage!
You have reached level 7!
You feel better.
You hit the two-headed ogre but do no damage.
The two-headed ogre is moderately wounded.
The two-headed ogre hits you with a +0 giant club!
* * * LOW HITPOINT WARNING * * *
The two-headed ogre hits you with a +0 great mace of protection.
* * * LOW HITPOINT WARNING * * *
You hit the two-headed ogre but do no damage.
The two-headed ogre is moderately wounded.
You block the two-headed ogre's attack.
The two-headed ogre hits you but does no damage.
You closely miss the two-headed ogre.
The two-headed ogre is moderately wounded.
You hit the two-headed ogre but do no damage.
The two-headed ogre is moderately wounded.
The two-headed ogre hits you with a +0 giant club!
You die...

#......##8)$8##..##.#
###.>..#8....8#..##.#
#....+..)..o+..##.#
#.##.+.....c+..##.#
#.##.#8....8#..##.#
#..#.##8$)8##..##.##
##)....######.......#
#..###+# #'###...#
#.## #♣O.##..# #.#
##.#.#..# #.# ## #..#
#.# #..# #.# #..#
#.## ### #..#
#..######..###
##............
###.#......#


You could see a two-headed ogre.

Vanquished Creatures
  Sigmund (D:3)
  A necrophage (D:4)
  Natasha (D:3)
  An orc wizard (D:4)
  Terence (D:3)
  6 gnolls
  An ufetubus (D:3)
  4 orcs
  4 bats
  6 endoplasms
  5 giant cockroaches
  9 hobgoblins
  2 jackals (D:1)
  7 kobolds
  3 quokkas
  4 ball pythons
  A frilled lizard (D:3)
  7 goblins
  5 rats
69 creatures vanquished.

Notes
Turn   | Place    | Note
-------+----------+-------------------------------------------
     0 | D:1      | xian the Gargoyle Fighter began the quest for the Orb.
     0 | D:1      | Reached XP level 1. HP: 14/14 MP: 1/1
   388 | D:1      | Reached XP level 2. HP: 19/19 MP: 2/2
  1063 | D:1      | Reached XP level 3. HP: 22/24 MP: 3/3
  1211 | D:2      | Reached skill level 3 in Maces & Flails
  1211 | D:2      | Reached XP level 4. HP: 5/29 MP: 4/4
  2082 | D:3      | Noticed Sigmund
  2097 | D:3      | Noticed Terence
  2107 | D:3      | Killed Sigmund
  2108 | D:3      | Reached skill level 4 in Maces & Flails
  2108 | D:3      | Reached skill level 1 in Dodging
  2108 | D:3      | Reached XP level 5. HP: 28/33 MP: 5/5
  2108 | D:3      | Reached XP level 6. HP: 33/38 MP: 6/6
  2121 | D:3      | Killed Terence
  2679 | D:3      | Noticed Natasha
  2682 | D:3      | Killed Natasha
  2865 | D:4      | Reached skill level 5 in Maces & Flails
  2950 | D:4      | Found a large runed translucent door.
  2951 | D:4      | Found a large runed translucent door.
  2960 | D:4      | Found a large runed translucent door.
  2960 | D:4      | Found a large runed translucent door.
  3011 | D:4      | Noticed a two-headed ogre
  3021 | D:4      | HP: 1/58 [two-headed ogre/+0 giant club (7)]
  3028 | D:4      | Reached XP level 7. HP: 2/44 MP: 7/7
  3030 | D:4      | HP: 3/66 [two-headed ogre/+0 giant club (1)]
  3033 | D:4      | Mangled by a two-headed ogre

Illustrated notes

Levels and vault maps discovered:
D:1:      evilmike_arrival_fibonacci_small, layout_loops_corners,
          minmay_misc_feat_rugged, minmay_split_cup_small
D:2:      layout_rooms, minmay_misc_feat_square, nrook_uturn
D:3:      layout_basic, uniq_natasha, uniq_sigmund, uniq_terence
D:4:      layout_basic, lightli_ossuary_entry_decrepit_ruins, corexii_shack,
          minmay_hollow_rounded_squares

Skill      XL: |  1  2  3  4  5  6 |
---------------+-------------------+-----
Maces & Flails | 3 4 5 |  5.3
Fighting       | 4 |  4.7
Armour         | 4 |  4.2
Dodging        | 1 |  1.2
Stealth        | |  0.8
Shields        | |  3.9

Action                   |  1- 3 |  4- 6 |  7- 9 || total
-------------------------+-------+-------+-------++-------
Melee: Flail             |    22 |       |       ||    22
       Mace              |    61 |   115 |     4 ||   180
  Use: Scroll            |     6 |     6 |       ||    12
       Potion            |     1 |     2 |     1 ||     4
Armor: Scale mail        |    66 |     9 |       ||    75
       Fire dragon scale |       |    42 |       ||    42
       Skin              |       |    14 |     1 ||    15
Dodge: Dodged            |    48 |    34 |       ||    82
Block: Buckler           |    17 |    18 |     1 ||    36

Table legend: (Time is in decaauts)
 A = Elapsed time spent in this place.
 B = Non-inter-level travel time spent in this place.
 C = Inter-level travel time spent in this place.
 D = Time resting spent in this place.
 E = Time spent auto-exploring this place.
 F = Levels seen in this place.
 G = Mean time per level.
                   A        B        C        D        E       F      G
               +--------+--------+--------+--------+--------+-----+--------+
         Total |   3069 |   3029 |     40 |      0 |   2175 |   4 |  767.2 |
       Dungeon |   3069 |   3029 |     40 |      0 |   2175 |   4 |  767.2 |
               +--------+--------+--------+--------+--------+-----+--------+

Top non-repeatable levels by time:
     D:1: 1154 daAuts
     D:3: 882 daAuts
     D:2: 784 daAuts
     D:4: 248 daAuts
